PR
GREENPORT HARBOR WHALES @ LADUE RAMS
08/01/2032
 
TOP OF THE 1ST
Greenport Harbor Whales batting - Pitching for Ladue Rams : RHP Brian Guilbert
Pitching: RHP Brian Guilbert
Batting: RHB Hsui-chuan Hong 0-0: Called Strike
0-1: Bunt for hit - play at first, batter safe!
Batting: LHB Jing-quo Sung 0-0: Called Strike
Hsui-chuan Hong steals 2nd base
0-1: Fly out, F9 (Flyball, 9LS)
Batting: RHB Bill Chaundler 0-0: Called Strike
0-1: Ball
1-1: DOUBLE (Line Drive, 7LM)
Hsui-chuan Hong scores
Batting: RHB Kupaalani Bakana 0-0: SINGLE (Groundball, 5D)
Bill Chaundler to third
Runner from 3rd tries for Home, SAFE, no throw
Batting: RHB José Vargas 0-0: Ball
1-0: Fielders Choice at 2nd, 5-4 (Groundball, 5)
Batting: LHB Júlio Solís 0-0: Ball
1-0: Ground out 4-3 (Groundball, 4M)
Top of the 1st over - 2 runs, 3 hits, 0 errors, 1 left on base; Greenport 2 - Ladue 0
BOTTOM OF THE 1ST
Ladue Rams batting - Pitching for Greenport Harbor Whales : LHP Jamie Martin
Pitching: LHP Jamie Martin
Batting: LHB Mihai Dumitru 0-0: Called Strike
0-1: Ball
1-1: Foul Ball, location: 2F
1-2: Strikes out swinging
Batting: SHB Orlando Pereira 0-0: Called Strike
0-1: Foul Ball, location: 2F
0-2: Ball
1-2: Ball
2-2: Strikes out swinging
Batting: LHB Conrad Hessing 0-0: Ball
1-0: Fly out, F9 (Line Drive, 9)
Bottom of the 1st over - 0 runs, 0 hits, 0 errors, 0 left on base; Greenport 2 - Ladue 0
TOP OF THE 2ND
Greenport Harbor Whales batting - Pitching for Ladue Rams : RHP Brian Guilbert
Batting: RHB Jung-heum Ho 0-0: Foul Ball, location: 2F
0-1: Foul Ball, location: 2F
0-2: Foul Ball, location: 2F
0-2: Ball
1-2: Strikes out swinging
Batting: SHB Miguel González 0-0: Called Strike
0-1: Called Strike
0-2: Ball
1-2: Foul Ball, location: 2F
1-2: Strikes out swinging
Batting: RHB Jacques Devaux 0-0: Ground out 6-3 (Groundball, 6)
Top of the 2nd over - 0 runs, 0 hits, 0 errors, 0 left on base; Greenport 2 - Ladue 0
BOTTOM OF THE 2ND
Ladue Rams batting - Pitching for Greenport Harbor Whales : LHP Jamie Martin
Batting: RHB Lex van Esch 0-0: Ball
1-0: Ball
2-0: Swinging Strike
2-1: Foul Ball, location: 2F
2-2: Strikes out looking
Batting: RHB Curt Taylor 0-0: Ball
1-0: Ball
2-0: Ball
3-0: Foul Ball, location: 2F
3-1: Swinging Strike
3-2: Strikes out looking
Batting: RHB Y-Tic Amanap 0-0: Ball
1-0: Foul Ball, location: 2F
1-1: Ground out 6-3 (Groundball, 6S)
Bottom of the 2nd over - 0 runs, 0 hits, 0 errors, 0 left on base; Greenport 2 - Ladue 0
TOP OF THE 3RD
Greenport Harbor Whales batting - Pitching for Ladue Rams : RHP Brian Guilbert
Batting: RHB Hsui-chuan Hong 0-0: Called Strike
0-1: Fly out, F9 (Flyball, 89S)
Batting: LHB Jing-quo Sung 0-0: Ball
1-0: Ground out 3-1 (Groundball, 34S)
Batting: RHB Bill Chaundler 0-0: Swinging Strike
0-1: Foul Ball, location: 2F
0-2: Ball
1-2: Strikes out looking
Top of the 3rd over - 0 runs, 0 hits, 0 errors, 0 left on base; Greenport 2 - Ladue 0
BOTTOM OF THE 3RD
Ladue Rams batting - Pitching for Greenport Harbor Whales : LHP Jamie Martin
Batting: SHB Javier Murillo 0-0: Foul Ball, location: 2F
0-1: Ball
1-1: Called Strike
1-2: Strikes out swinging
Batting: LHB Qing-nian Zexian 0-0: Called Strike
0-1: Foul Ball, location: 2F
0-2: Foul Ball, location: 2F
0-2: Ball
1-2: Ball
2-2: Strikes out looking
Batting: RHB Carlos Santos 0-0: Called Strike
0-1: Called Strike
0-2: Strikes out looking
Bottom of the 3rd over - 0 runs, 0 hits, 0 errors, 0 left on base; Greenport 2 - Ladue 0
TOP OF THE 4TH
Greenport Harbor Whales batting - Pitching for Ladue Rams : RHP Brian Guilbert
Batting: RHB Kupaalani Bakana 0-0: Called Strike
0-1: DOUBLE (Line Drive, 78D)
Batting: RHB José Vargas 0-0: Ball
1-0: Called Strike
1-1: Ball
2-1: Foul Ball, location: 2F
2-2: Single, Error in OF, E9, batter to second base
Kupaalani Bakana scores
Batting: LHB Júlio Solís 0-0: Ball
1-0: Swinging Strike
1-1: Called Strike
1-2: Ball
2-2: Ball
3-2: Foul Ball, location: 2F
3-2: Strikes out looking
Batting: RHB Jung-heum Ho 0-0: Ball
1-0: Swinging Strike
1-1: Called Strike
1-2: Foul Ball, location: 2F
1-2: Foul Ball, location: 2F
1-2: Ball
2-2: Strikes out swinging
Batting: SHB Miguel González 0-0: Called Strike
0-1: Swinging Strike
0-2: Strikes out swinging
Top of the 4th over - 1 run, 2 hits, 1 error, 1 left on base; Greenport 3 - Ladue 0
BOTTOM OF THE 4TH
Ladue Rams batting - Pitching for Greenport Harbor Whales : LHP Jamie Martin
Batting: LHB Mihai Dumitru 0-0: Ball
1-0: Called Strike
1-1: Swinging Strike
1-2: Strikes out looking
Batting: SHB Orlando Pereira 0-0: Ball
1-0: Ball
2-0: Ground out 4-3 (Groundball, 4)
Batting: LHB Conrad Hessing 0-0: Ball
1-0: Called Strike
1-1: SINGLE (Groundball, 34D)
Batting: RHB Lex van Esch 0-0: Called Strike
0-1: Ball
1-1: Ball
2-1: Foul Ball, location: 2F
2-2: Foul Ball, location: 2F
2-2: Foul Ball, location: 2F
2-2: Ball
Wild Pitch!
Conrad Hessing to second
3-2: Foul Ball, location: 2F
3-2: Foul Ball, location: 2F
3-2: Foul Ball, location: 2F
3-2: Strikes out swinging
Bottom of the 4th over - 0 runs, 1 hit, 0 errors, 1 left on base; Greenport 3 - Ladue 0
TOP OF THE 5TH
Greenport Harbor Whales batting - Pitching for Ladue Rams : RHP Brian Guilbert
Batting: RHB Jacques Devaux 0-0: Ground out 5-3 (Groundball, 56S)
Batting: RHB Hsui-chuan Hong 0-0: Ground out 4-3 (Groundball, 4)
Batting: LHB Jing-quo Sung 0-0: Ball
1-0: Called Strike
1-1: Ball
2-1: Ground out 3-1 (Groundball, 34)
Top of the 5th over - 0 runs, 0 hits, 0 errors, 0 left on base; Greenport 3 - Ladue 0
BOTTOM OF THE 5TH
Ladue Rams batting - Pitching for Greenport Harbor Whales : LHP Jamie Martin
Batting: RHB Curt Taylor 0-0: Ball
1-0: Ball
2-0: Ball
3-0: Called Strike
3-1: Called Strike
3-2: Foul Ball, location: 2F
3-2: Base on Balls
Pitching: RHP Chia-kang Xiao
Batting: RHB Y-Tic Amanap 0-0: Ball
1-0: SINGLE (Line Drive, 78M)
Curt Taylor to second
Batting: SHB Javier Murillo 0-0: Fly out, F8 (Flyball, 8RD)
Batting: LHB Qing-nian Zexian 0-0: Swinging Strike
0-1: Ball
1-1: Ball
2-1: Called Strike
2-2: Fly out, F5 (Popup, 5SF)
Batting: RHB Carlos Santos 0-0: Ball
1-0: Foul Ball, location: 2F
1-1: Ball
2-1: Ball
3-1: Base on Balls
Curt Taylor to third
Y-Tic Amanap to second
Batting: LHB Mihai Dumitru 0-0: Foul Ball, location: 2F
0-1: Ball
1-1: Ball
2-1: SINGLE (Line Drive, 6D)
Curt Taylor scores
Y-Tic Amanap to third
Carlos Santos to second
Runner from 3rd tries for Home, SAFE, no throw
Batting: SHB Orlando Pereira 0-0: Ball
1-0: Called Strike
1-1: Foul Ball, location: 2F
1-2: Ball
2-2: Ground out 1-3 (Groundball, 13S)
Bottom of the 5th over - 2 runs, 2 hits, 0 errors, 2 left on base; Greenport 3 - Ladue 2
TOP OF THE 6TH
Greenport Harbor Whales batting - Pitching for Ladue Rams : RHP Brian Guilbert
Batting: RHB Bill Chaundler 0-0: Ball
1-0: Called Strike
1-1: Called Strike
1-2: Foul Ball, location: 2F
1-2: Foul Ball, location: 2F
1-2: Fly out, F8 (Flyball, 8LD)
Batting: RHB Kupaalani Bakana 0-0: Ball
1-0: Ball
2-0: SINGLE (Groundball, 34D)
Batting: RHB José Vargas 0-0: Called Strike
0-1: Swinging Strike
0-2: Ball
1-2: Ball
2-2: Strikes out swinging
Batting: LHB Júlio Solís 0-0: Called Strike
0-1: Foul Ball, location: 2F
0-2: Foul Ball, location: 2F
0-2: Ball
1-2: Strikes out swinging
Top of the 6th over - 0 runs, 1 hit, 0 errors, 1 left on base; Greenport 3 - Ladue 2
BOTTOM OF THE 6TH
Ladue Rams batting - Pitching for Greenport Harbor Whales : RHP Chia-kang Xiao
Batting: LHB Conrad Hessing 0-0: Called Strike
0-1: Foul Ball, location: 2F
0-2: Foul Ball, location: 2F
0-2: Ball
1-2: Ball
2-2: Foul Ball, location: 2F
2-2: Foul Ball, location: 2F
2-2: Ball
3-2: Reached on error, E5 (Groundball, 56)
Batting: RHB Lex van Esch 0-0: DOUBLE (Line Drive, 89D)
Conrad Hessing scores
Batting: RHB Curt Taylor 0-0: Foul Ball, location: 2F
0-1: Ball
1-1: Swinging Strike
1-2: Ball
2-2: Strikes out swinging
Batting: RHB Y-Tic Amanap 0-0: Ball
1-0: Fly out, F7 (Flyball, 7LM)
Batting: SHB Javier Murillo 0-0: Called Strike
0-1: Swinging Strike
0-2: Strikes out swinging
Bottom of the 6th over - 1 run, 1 hit, 1 error, 1 left on base; Greenport 3 - Ladue 3
TOP OF THE 7TH
Greenport Harbor Whales batting - Pitching for Ladue Rams : RHP Brian Guilbert
Batting: RHB Jung-heum Ho 0-0: Called Strike
0-1: Ground out 6-3 (Groundball, 6)
Pinch Hitting: RHB Jon Rabbetts 0-0: Ball
1-0: Ball
2-0: Called Strike
2-1: Swinging Strike
2-2: Strikes out swinging
Batting: RHB Jacques Devaux 0-0: Ball
1-0: Ball
2-0: Fly out, F9 (Flyball, 9D)
Top of the 7th over - 0 runs, 0 hits, 0 errors, 0 left on base; Greenport 3 - Ladue 3
BOTTOM OF THE 7TH
Ladue Rams batting - Pitching for Greenport Harbor Whales : RHP Chia-kang Xiao
Now in LF: Jon Rabbetts
Batting: LHB Qing-nian Zexian 0-0: Fly out, F8 (Line Drive, 8LD)
Batting: RHB Carlos Santos 0-0: SINGLE (Line Drive, 4M)
Batting: LHB Mihai Dumitru 0-0: Ball
1-0: Ball
2-0: Grounds into double play, 4-6-3 (Groundball, 4)
Bottom of the 7th over - 0 runs, 1 hit, 0 errors, 0 left on base; Greenport 3 - Ladue 3
TOP OF THE 8TH
Greenport Harbor Whales batting - Pitching for Ladue Rams : RHP Brian Guilbert
Batting: RHB Hsui-chuan Hong 0-0: Ball
1-0: Ball
2-0: Fly out, F4 (Popup, 4M)
Batting: LHB Jing-quo Sung 0-0: Called Strike
0-1: SINGLE (Groundball, 34D)
Batting: RHB Bill Chaundler 0-0: Fly out, F7 (Flyball, 7D)
Batting: RHB Kupaalani Bakana 0-0: TRIPLE (Groundball, 5L)
Jing-quo Sung scores
Batting: RHB José Vargas 0-0: Ball
1-0: Reached on error, E6 (Groundball, 6)
Kupaalani Bakana scores
Batting: LHB Júlio Solís 0-0: Called Strike
0-1: Ball
1-1: Called Strike
1-2: Strikes out looking
Top of the 8th over - 2 runs, 2 hits, 1 error, 1 left on base; Greenport 5 - Ladue 3
BOTTOM OF THE 8TH
Ladue Rams batting - Pitching for Greenport Harbor Whales : RHP Chia-kang Xiao
Batting: SHB Orlando Pereira 0-0: Ball
1-0: Swinging Strike
1-1: Foul Ball, location: 2F
1-2: SINGLE (Groundball, 4MD)
Batting: LHB Conrad Hessing 0-0: Ball
1-0: Ball
2-0: Ball
3-0: Base on Balls
Orlando Pereira to second
Pinch Runner at 2nd Dan Thompson:
Batting: RHB Lex van Esch 0-0: SINGLE (Line Drive, 8LS)
Dan Thompson to third
Conrad Hessing to second
Runner from 3rd tries for Home, SAFE, throw made home
Batting: RHB Curt Taylor 0-0: Foul Ball, location: 2F
0-1: DOUBLE (Line Drive, 7LM)
Conrad Hessing scores
Lex van Esch to third
Pitching: RHP Simon Wolston
Batting: RHB Y-Tic Amanap 0-0: Swinging Strike
0-1: Ball
1-1: Ball
2-1: Called Strike
2-2: Strikes out swinging
Batting: SHB Javier Murillo 0-0: SINGLE (Groundball, 6D)
Lex van Esch scores
Curt Taylor to third
Batting: LHB Qing-nian Zexian 0-0: Ball
1-0: Ball
2-0: Foul Ball, location: 2F
2-1: Ball
3-1: Base on Balls
Javier Murillo to second
Batting: RHB Carlos Santos 0-0: Foul Ball, location: 2F
0-1: Ball
1-1: Swinging Strike
1-2: Strikes out swinging
Batting: LHB Mihai Dumitru 0-0: Ball
1-0: Swinging Strike
1-1: Fly out, F7 (Flyball, 7)
Bottom of the 8th over - 3 runs, 4 hits, 0 errors, 3 left on base; Greenport 5 - Ladue 6
TOP OF THE 9TH
Greenport Harbor Whales batting - Pitching for Ladue Rams : RHP Brian Guilbert
Now at SS: Ik-jun Cho
Now in LF: Eric Quick
Batting: RHB Jung-heum Ho 0-0: Called Strike
0-1: Ball
1-1: Ball
2-1: Foul Ball, location: 2F
2-2: Foul Ball, location: 2F
2-2: Strikes out swinging
Batting: RHB Jon Rabbetts 0-0: Ball
1-0: Fly out, F9 (Flyball, 9)
Batting: RHB Jacques Devaux 0-0: Fly out, F7 (Flyball, 7D)
Top of the 9th over - 0 runs, 0 hits, 0 errors, 0 left on base; Greenport 5 - Ladue 6
Wednesday, September 19th, 2018 - OOTP Baseball 18.8 Build 76